 Dungeon Crawl Stone Soup version 0.29-a0-284-gf9362112df (webtiles) character file.

Game seed: 5218316681123909223

129 sammy202020 the Covered (level 4, -4/41 HPs)
             Began as a Minotaur Fighter on Mar 15, 2022.
             Killed by nerve-wracking pain
             ... invoked by Jessica
              (6 damage)
             ... on level 3 of the Dungeon.
             The game lasted 00:05:43 (2166 turns).

sammy202020 the Covered (Minotaur Fighter)          Turns: 2166, Time: 00:05:44

Health: -4/41      AC: 10    Str: 20    XL:     4   Next: 88%
Magic:  3/3        EV: 22    Int:  7    God:
Gold:   172        SH:  4    Dex: 10    Spells: 3/3 levels left

rFire   . . .      SeeInvis .   a - +0 war axe
rCold   . . .      Faith    .   c - +0 buckler
rNeg    . . .      Spirit   .   p - +0 chain mail
rPois   .          Reflect  .   (helmet restricted)
rElec   .          Harm     .   (no cloak)
rCorr   .          Rampage  .   q - +0 pair of gloves
Will    .....                   (no boots)
Stlth   ..........              j - amulet of the acrobat
HPRegen 0.13/turn               (no ring)
MPRegen 0.08/turn               (no ring)

@: acrobatic
A: horns 2, retaliatory headbutt
a: no special abilities


You were on level 3 of the Dungeon.
You visited 1 branch of the dungeon, and saw 3 of its levels.

You collected 172 gold pieces.

Inventory:

Hand Weapons
 a - a +0 war axe (weapon)
 b - a +2 whip of flaming
Missiles
 f - 3 poisoned darts (quivered)
Armour
 c - a +0 buckler (worn)
 p - a +0 chain mail (worn)
 q - a +0 pair of gloves (worn)
Jewellery
 j - an amulet of the acrobat (around neck)
Wands
 d - a wand of flame (24)
Scrolls
 e - a scroll of amnesia {unknown}
 g - 2 scrolls of identify {unknown}
 i - 2 scrolls of teleportation {unknown}
 l - a scroll of vulnerability {unknown}
 m - a scroll of magic mapping {unknown}
Potions
 h - 2 potions of heal wounds {unknown}
 k - a potion of lignification {unknown}
 n - 2 potions of mutation {unknown}
 o - 2 potions of curing {unknown}
 r - a potion of invisibility {unknown}
 s - a potion of brilliance {unknown}


   Skills:
 * Level 4.4 Fighting
 * Level 3.7 Axes
 * Level 4.6 Armour
 + Level 1.3 Dodging
 * Level 4.4 Shields


You had 3 spell levels left.
You didn't know any spells.
Your spell library contained the following spells:

 Spells                   Type           Power      Damage    Failure   Level
 Ensorcelled Hibernation  Hex/Ice        0%         N/A       100%        2
 Spider Form              Tmut/Pois      0%         N/A       100%        3
 Anguish                  Hex/Necr       0%         N/A       100%        4


Dungeon Overview and Level Annotations

Branches:
Dungeon (3/15)

Altars:

Annotations:
D:3 Jessica


Innate Abilities, Weirdness & Mutations

You have a pair of horns on your head.
You reflexively headbutt those who attack you in melee.


Message History

The hobgoblin hits you but does no damage.
Robin closely misses you.
Jessica mumbles some strange words.
Jessica blinks!
Sorry, you're not good enough to have a special ability.
You barely miss the hobgoblin.
You headbutt the hobgoblin, but do no damage.
The hobgoblin is severely wounded.
Robin hits you but does no damage. The hobgoblin barely misses you.
You furiously retaliate!
You headbutt the hobgoblin!
You kill the hobgoblin!
Jessica shouts, "Stop bothering me, or I'll kill you!"
Jessica casts a spell.
Jessica seems to speed up.
Robin misses you. You furiously retaliate!
You headbutt Robin.
Items here: )) ††.
You closely miss Robin. You headbutt Robin!
Robin is almost dead.
Robin barely misses you. You furiously retaliate!
You headbutt Robin.
You kill Robin!
Your life force feels restored.
Items here: )) [[.
Jessica completely misses you.
Items here: )) ††.
You slash Jessica!
Jessica is almost dead.
Jessica gestures at you while chanting. Pain shoots through your body!
* * * LOW HITPOINT WARNING * * *
Jessica gestures wildly while chanting.
Jessica blinks!
Sorry, you're not good enough to have a special ability.
Okay, then.
Items here: )) [[.
Jessica mumbles some strange words.
Jessica blinks!
You see here 16 gold pieces.
Jessica gestures at you while chanting. Pain shoots through your body!
You die...

### ##.## #
#############.#.##
##.#....))@)..§.###.#
.......@########.#.##
##....#@# ##.######
#....)$# #.......
......))# #######.
.$...>..# #.
#.......# #.
#........ #.
#.....#.# #. #.
#..####.# #.# #. #..
#.. #.# #.


You could see Jessica (fast).

Vanquished Creatures
  Terence (D:2)
  Robin (D:3)
  2 adders (D:2)
  A dart slug (D:2)
  5 orcs (D:2)
  6 ball pythons
  4 bats
  8 endoplasms
  2 giant cockroaches (D:1)
  14 goblins
  6 hobgoblins
  3 quokkas (D:1)
  5 frilled lizards
  3 kobolds
  A rat (D:1)
62 creatures vanquished.

Notes
Turn   | Place    | Note
-------+----------+-------------------------------------------
     0 | D:1      | sammy202020 the Minotaur Fighter began the quest for the
                  | Orb.
     0 | D:1      | Reached XP level 1. HP: 19/19 MP: 0/0
   145 | D:1      | Reached XP level 2. HP: 25/27 MP: 1/1
   603 | D:1      | Found a faded altar of an unknown god.
   764 | D:1      | Reached XP level 3. HP: 33/33 MP: 2/2
  1007 | D:2      | Noticed Terence
  1015 | D:2      | Killed Terence
  1016 | D:2      | Reached skill level 1 in Dodging
  1309 | D:2      | Reached XP level 4. HP: 34/40 MP: 3/3
  2136 | D:3      | Noticed Robin
  2140 | D:3      | Noticed Jessica
  2158 | D:3      | Killed Robin
  2161 | D:3      | HP: 2/41 [Jessica/nerve-wracking pain (11)]
  2166 | D:3      | Killed from afar by Jessica

Illustrated notes

Levels and vault maps discovered:
D:1:      heliophobic_arrival_enchanted_forest, layout_loops_ring,
          basic_ecumenical_altar, minmay_domino_2
D:2:      layout_basic, st_stairs_10, uniq_terence
D:3:      layout_loops_ring, mainiacjoe_overflow_cross_hatched,
          dreamdust_princess_corridor, uniq_jessica, uniq_ijyb, uniq_robin

Skill      XL: |  1  2  3 |
---------------+----------+-----
Armour         | 4 |  4.6
Axes           | 3 |  3.7
Shields        | 4 |  4.4
Fighting       | 4 |  4.4
Dodging        | 1 |  1.3

Action                   |  1- 3 |  4- 6 || total
-------------------------+-------+-------++-------
Melee: War axe           |    69 |    53 ||   122
       Headbutt          |    12 |     5 ||    17
  Use: Potion            |     1 |       ||     1
Armor: Scale mail        |    29 |     5 ||    34
       Chain mail        |       |    35 ||    35
Dodge: Dodged            |    29 |    29 ||    58
Block: Buckler           |    15 |    14 ||    29

Table legend: (Time is in decaauts)
 A = Elapsed time spent in this place.
 B = Non-inter-level travel time spent in this place.
 C = Inter-level travel time spent in this place.
 D = Time resting spent in this place.
 E = Time spent auto-exploring this place.
 F = Levels seen in this place.
 G = Mean time per level.
                   A        B        C        D        E       F      G
               +--------+--------+--------+--------+--------+-----+--------+
         Total |   2211 |   2104 |    107 |      0 |   1650 |   3 |  737.0 |
       Dungeon |   2211 |   2104 |    107 |      0 |   1650 |   3 |  737.0 |
               +--------+--------+--------+--------+--------+-----+--------+

Top non-repeatable levels by time:
     D:2: 1098 daAuts
     D:1: 981 daAuts
     D:3: 131 daAuts
